 Dungeon Crawl Stone Soup version 0.29.1-14-g9c671dbff4 (webtiles) character file.

Game seed: 2802028068961134360

299 CrazyMind the Sneak (level 6, 0/36 HPs)
             Began as a Kobold Brigand on Feb 19, 2023.
             Slain by an orc wizard
             ... wielding a +0 dagger of venom
              (1 damage)
             ... on level 5 of the Dungeon on Feb 20, 2023.
             The game lasted 00:18:37 (4566 turns).

CrazyMind the Sneak (Kobold Brigand)                Turns: 4566, Time: 00:18:38

Health: 0/36       AC:  4    Str:  8    XL:     6   Next: 63%
Magic:  6/6        EV: 15    Int: 13    God:
Gold:   45         SH:  0    Dex: 18    Spells: 5/5 levels left

rFire   + . .      SeeInvis .   a - +2 dagger
rCold   + . .      Faith    .   (no shield)
rNeg    . . .      Spirit   .   l - +1 robe {rC+ rF+}
rPois   .          Reflect  .   (no helmet)
rElec   .          Harm     .   x - +0 cloak
rCorr   .          Rampage  .   (no gloves)
Will    .....                   (no boots)
Stlth   +++.......              r - amulet of the acrobat
HPRegen 0.12/turn               (no ring)
MPRegen 0.10/turn               (no ring)

@: confused, lethally poisoned (0 -> -4), hasted, very quick
A: small, no large weapons, nightstalker 3
a: no special abilities


You were on level 5 of the Dungeon.
You visited 1 branch of the dungeon, and saw 5 of its levels.

You collected 78 gold pieces.
You spent 33 gold pieces at shops.

Inventory:

Hand Weapons
 a - a +2 dagger (weapon)
 b - a +0 sling
 f - a +0 dagger of holy wrath
Missiles
 d - 13 poisoned darts
 e - 8 curare-tipped darts (quivered)
 q - a throwing net
Armour
 c - a +0 cloak
 l - a +1 robe of resistance (worn)
 n - a +0 leather armour
 x - a +0 cloak (worn)
Jewellery
 r - an amulet of the acrobat (around neck)
Wands
 v - a wand of flame (11)
 A - a wand of roots (8)
Scrolls
 h - 3 scrolls of immolation {unknown}
 j - 2 scrolls of teleportation
 k - 2 scrolls of identify {unknown}
 m - 2 scrolls of enchant weapon {unknown}
 o - 2 scrolls of enchant armour {unknown}
 p - a scroll of poison {unknown}
 u - a scroll of vulnerability {unknown}
 w - a scroll of magic mapping {unknown}
 y - 3 scrolls of amnesia {unknown}
Potions
 s - a potion of mutation {unknown}
 t - a potion of resistance {unknown}
 z - a potion of brilliance {unknown}
 B - a potion of magic {unknown}
 C - a potion of lignification {unknown}


   Skills:
 + Level 2.9 Fighting
 * Level 5.7 Short Blades
 + Level 2.8 Throwing
 + Level 2.1 Dodging
 + Level 7.7 Stealth


You had 5 spell levels left.
You didn't know any spells.
Your spell library contained the following spells:

 Spells                   Type           Power      Damage    Failure   Level
 Apportation              Tloc           0%         N/A       30%         1
 Necrotise                Necr           0%         1d4       30%         1
 Summon Small Mammal      Summ           0%         N/A       30%         1
 Blink                    Tloc           0%         N/A       43%         2
 Conjure Flame            Conj/Fire      0%         6-21      67%         3
 Ignite Poison            Fire/Tmut/Pois 0%         N/A       67%         3
 Portal Projectile        Hex/Tloc       0%         N/A       67%         3
 Tukima's Dance           Hex            0%         N/A       67%         3
 Sticky Flame             Conj/Fire      0%         2d3       97%         4
 Blade Hands              Tmut           0%         N/A       100%        5
 Manifold Assault         Tloc           0%         N/A       100%        5
 Summon Forest            Summ/Tloc      0%         N/A       100%        5
 Dispersal                Tloc           0%         N/A       100%        6
 Malign Gateway           Summ/Tloc      0%         N/A       100%        7
 Storm Form               Tmut/Air       0%         N/A       100%        7


Dungeon Overview and Level Annotations

Branches:
Dungeon (5/15)
 Temple: D:4-7

Altars:
Ashenzari
Dithmenos
Elyvilon
Fedhas
Kikubaaqudgha
Ru
Sif Muna
Trog
Uskayaw
Wu Jian
Zin
The Shining One

Shops:
D:3 =*(

Annotations:
D:4 2 transporters, 5 exclusions, Edmund; Kangrisorn's ghost, amateur MiFi; Sigmund
D:5 exclusions: 3 orcs, 2 water moccasins and 4 more exclusions


Innate Abilities, Weirdness & Mutations

You are small and have problems with some larger weapons.
You are completely attuned to the shadows.


Message History

You hit the orc.
The orc is almost dead.
You closely miss the orc.
The orc priest mumbles some strange prayers to Beogh against you.
Something writhes in agony.
The orc misses you. Something hits you but does no damage.
The orc hits you but does no damage.
You barely miss the orc.
The orc is almost dead.
You barely miss the orc.
The orc is almost dead.
The orc barely misses you. Something barely misses you.
You're too confused to move!
You hear some strange, mumbled words.
You are more confused.
You bump into the rock wall.
You barely miss the orc. Something hits you but does no damage.
You are poisoned.
The orc priest calls upon Beogh to heal the orc.
The orc is healed somewhat.
The orc misses you.
You bump into the rock wall.
You feel sick.
You're too confused to move!
You feel sick.
The orc priest looks encouraged for a moment.
The orc closely misses you. Something hits you.
You barely miss the orc.
You bump into the rock wall.
You feel sick.
The orc wizard mumbles some strange words.
The orc wizard flickers and vanishes!
Something hits you but does no damage. The orc closely misses you.
The orc hits you but does no damage. The orc wizard casts a spell at you.
You resist with some effort. Something hits you.
You hit something but do no damage.
You feel sick.
The orc wizard gestures at you while chanting.
The magic dart hits you.
* * * LOW HITPOINT WARNING * * *
Something hits you.
* * * LOW HITPOINT WARNING * * *
The orc hits you with a +0 club.
* * * LOW HITPOINT WARNING * * *
Something hits you.
You die...

#.## #..# ##.##
#..## #...#
###### . #...#
#....# n. #...#
#o.n.###h#.
###.###..o..)oo..
#.#.o@oho.#....
#....{###.#o..#
##....###.#)...
##....##o#o...
#...........
#.....#o....
#.......>.##
#.##..#<....
#..###.##


You could see a necrophage, a hound, an orc priest, an orc wizard and 3 orcs.

Vanquished Creatures
  A black bear (D:4)
  Crazy Yiuf (D:4)
  An orc wizard (D:3)
  3 gnolls (D:3)
  3 adders
  2 worms
  11 orcs
  10 endoplasms
  A giant cockroach (D:2)
  10 goblins
  9 hobgoblins
  3 quokkas
  8 ball pythons
  6 bats
  5 frilled lizards
  4 kobolds
  8 rats
86 creatures vanquished.

Notes
Turn   | Place    | Note
-------+----------+-------------------------------------------
     0 | D:1      | CrazyMind the Kobold Brigand began the quest for the Orb.
     0 | D:1      | Reached XP level 1. HP: 12/12 MP: 1/1
   164 | D:1      | Reached XP level 2. HP: 13/17 MP: 2/2
   471 | D:1      | Reached skill level 6 in Stealth
   544 | D:1      | Got the Precepts of Dislocation
   634 | D:1      | Reached XP level 3. HP: 21/21 MP: 3/3
   955 | D:1      | Found a faded altar of an unknown god.
  1656 | D:2      | Reached XP level 4. HP: 27/27 MP: 4/4
  1935 | D:3      | Found Ryklees's General Store.
  1941 | D:3      | Bought a scroll of teleportation for 33 gold pieces
  1946 | D:3      | Found Wazosead's Magic Scroll Shop.
  1986 | D:3      | Found Beukiami's Weapon Boutique.
  2476 | D:3      | Reached skill level 7 in Stealth
  2521 | D:3      | Reached XP level 5. HP: 16/31 MP: 5/5
  3232 | D:3      | Found a bloodstained altar of Trog.
  3247 | D:3      | Found Moydoril's Jewellery Shoppe.
  3333 | D:3      | Found a white marble altar of Elyvilon.
  3387 | D:4      | Found a transporter.
  3430 | D:4      | Noticed a small abomination
  3759 | D:4      | Noticed Edmund
  3843 | D:4      | Noticed Sigmund
  3871 | D:4      | Found a transporter.
  3908 | D:4      | Noticed a black bear
  3918 | D:4      | Killed a black bear
  3919 | D:4      | Reached skill level 5 in Short Blades
  3919 | D:4      | Reached XP level 6. HP: 36/36 MP: 6/6
  4084 | D:4      | Found a runed translucent door.
  4087 | D:4      | Noticed Crazy Yiuf
  4092 | D:4      | Killed Crazy Yiuf
  4228 | D:4      | Noticed Kangrisorn's ghost (amateur MiFi)
  4235 | D:4      | Noticed a small abomination
  4265 | D:5      | Entered Level 5 of the Dungeon
  4325 | D:5      | Found a shimmering blue altar of Sif Muna.
  4372 | D:5      | Noticed a water moccasin
  4463 | D:5      | Found a blossoming altar of Fedhas.
  4463 | D:5      | Found a glowing golden altar of the Shining One.
  4467 | D:5      | Found a hide-covered altar of Uskayaw.
  4471 | D:5      | Found an ornate altar of the Wu Jian Council.
  4473 | D:5      | Found a sacrificial altar of Ru.
  4473 | D:5      | Found an ancient bone altar of Kikubaaqudgha.
  4473 | D:5      | Found a glowing silver altar of Zin.
  4474 | D:5      | Found a shadowy altar of Dithmenos.
  4475 | D:5      | Found a broken altar of Ashenzari.
  4502 | D:5      | Noticed a water moccasin
  4566 | D:5      | HP: 1/36 [orc/+0 club (4)]
  4566 | D:5      | Slain by an orc wizard

Illustrated notes

Levels and vault maps discovered:
D:1:      grunt_arrival_crossed_arrows, layout_basic,
          nicolae_ecumenical_snake_handling
D:2:      layout_basic, minmay_misc_feat_x
D:3:      layout_rooms, mainiacjoe_overflow_swirl, serial_shops,
          nicolae_shop_crystal, shop, nicolae_shop_trees, nicolae_square_shop,
          minmay_misc_feat_encased
D:4:      layout_basic, gammafunk_ghost_abyssal_escape, uniq_crazy_yiuf_cottage,
          uniq_edmund, uniq_sigmund
D:5:      layout_basic, minitemple, lemuel_doored_altar

Skill      XL: |  1  2  3  4  5 |
---------------+----------------+-----
Short Blades   | 3 4 5 |  5.7
Stealth        | 6 7 |  7.7
Dodging        | 2 |  2.1
Fighting       | |  2.9
Throwing       | |  2.8

Action                   |  1- 3 |  4- 6 || total
-------------------------+-------+-------++-------
Melee: Dagger            |    79 |   151 ||   230
 Fire: Sling             |       |     2 ||     2
Throw: Dart              |       |    14 ||    14
  Use: Potion            |       |     4 ||     4
 Stab: Sleeping          |    26 |    16 ||    42
Armor: Robe              |     8 |    22 ||    30
Dodge: Dodged            |    27 |    64 ||    91
